 Dungeon Crawl Stone Soup version 0.30-a0-728-gc68057be0a (webtiles) character file.

Game seed: 16309765402698793119

3427 juan097 the Cleaver (level 10, -3/132 HPs)
             Began as a Hill Orc Berserker on Jan 31, 2023.
             Was a Priest of Trog.
             Slain by a large slime creature (13 damage)
             ... on level 8 of the Dungeon.
             The game lasted 00:21:09 (6344 turns).

juan097 the Cleaver (Hill Orc Berserker)            Turns: 6344, Time: 00:21:09

Health: -3/132     AC:  7    Str: 25    XL:     10   Next: 5%
Magic:  10/10      EV: 11    Int:  7    God:    Trog [***...]
Gold:   350        SH:  0    Dex: 10    Spells: 9/9 levels left

rFire   + . .      SeeInvis .    a - +0 war axe
rCold   . . .      Faith    .    (no shield)
rNeg    . . .      Spirit   .    d - +0 ring mail
rPois   +          Reflect  .    (no helmet)
rElec   .          Harm     .    (no cloak)
rCorr   .          Rampage  .    E - +0 pair of gloves
Will    .....                    (no boots) Stlth
                                 (no amulet)
HPRegen 0.42/turn                h - ring of protection from fire
MPRegen 0.12/turn                n - ring of poison resistance

@: berserking, very quick
A: no striking features
a: Renounce Religion, Berserk, Trog's Hand


You were on level 8 of the Dungeon.
You worshipped Trog.
Trog was most pleased with you.
You visited 1 branch of the dungeon, and saw 8 of its levels.

You collected 350 gold pieces.

Inventory:

Hand Weapons
 a - a +0 war axe (weapon)
 b - a +2 shortbow of freezing
Missiles
 o - 6 poisoned darts
 u - 12 boomerangs
 y - 4 javelins
 F - a throwing net
Armour
 d - a +0 ring mail (worn)
 l - an orb of wrath
 w - a +0 kite shield
 E - a +0 pair of gloves (worn)
Jewellery
 h - a ring of protection from fire (left hand)
 j - a ring of see invisible
 n - a ring of poison resistance (right hand)
Wands
 f - a wand of mindburst (12)
 t - a wand of polymorph (5)
 C - a wand of flame (18)
Scrolls
 e - a scroll of acquirement
 g - 2 scrolls of amnesia
 m - 3 scrolls of magic mapping
 p - 2 scrolls of immolation
 r - 3 scrolls of blinking {unknown}
 v - a scroll of fog
 z - a scroll of fear
 B - a scroll of teleportation {unknown}
Potions
 c - a potion of degeneration {unknown}
 i - 6 potions of heal wounds {unknown}
 k - 6 potions of curing {unknown}
 q - 4 potions of berserk rage
 s - a potion of ambrosia
 x - 2 potions of invisibility {unknown}
 A - 3 potions of attraction {unknown}
 D - a potion of mutation {unknown}


   Skills:
 + Level 8.1 Fighting
 + Level 12.1 Axes
 - Level 6.0 Ranged Weapons
 + Level 4.2 Armour
 - Level 2.0 Dodging
 - Level 4.0 Stealth
 + Level 0.9 Evocations


You had 9 spell levels left.
You didn't know any spells.
Your spell library was empty.

Dungeon Overview and Level Annotations

Branches:
Dungeon (8/15)             Temple (0/1) D:7
   Lair: D:8-11

Altars:
Fedhas
Hepliaklqana
Kikubaaqudgha
Makhleb
Nemelex Xobeh
Ru
Xom
Zin
The Shining One

Shops:
D:3 :

Annotations:
D:7 2 transporters, warriortoast's ghost, novice BaFi


Message History

The very large slime creature hits you!!
There is a stone staircase leading up, spattered with blood here.
You slash the very large slime creature!
The very large slime creature is lightly wounded.
A very large slime creature splits.
You barely miss the large slime creature.
The large slime creature is lightly wounded.
You slash the slime creature! The large slime creature hits you!!
A red film seems to cover your vision as you go berserk!
You feel yourself moving faster!
You feel mighty! The slime creature hits you!
* * * LOW HITPOINT WARNING * * *
The large slime creature hits you!
* * * LOW HITPOINT WARNING * * *
You slice the large slime creature!!
The large slime creature is moderately wounded.
You slash the slime creature! The slime creature hits you.
* * * LOW HITPOINT WARNING * * *
You slash the large slime creature!
The large slime creature is moderately wounded.
You barely miss the slime creature.
A large slime creature splits.
The slime creature hits you!
* * * LOW HITPOINT WARNING * * *
You slice the slime creature!!
The slime creature is almost dead.
You slash the slime creature! You hit the slime creature.
The slime creature barely misses you.
Two slime creatures merge to form a large slime creature.
You slash the large slime creature!
The large slime creature is heavily wounded.
You hit the slime creature. You barely miss the slime creature.
The slime creature closely misses you.
You completely miss the slime creature.
The slime creature is almost dead.
You hit the large slime creature. You hit the slime creature.
The slime creature hits you but does no damage.
You slice the large slime creature!!
The large slime creature is severely wounded.
You hit the slime creature. You slash the slime creature!
The large slime creature hits you!
You die...

...J.....J.....#.#
....###.####..#.##
J<..# #.####..#.#
.##.# #.......#.#
.##.# #########.###
....# #...#
..######### ##.#.#
_...#.....# ##.JJ<##
....#.....###..J@..#
).........##.......#
⌠.._......###......#
..........# ##...###
)...####### ##.##
_†..# #.# ...## #.#
)#.# #.# ..###
#####.#


You could see a large slime creature and 2 slime creatures.

Vanquished Creatures
  A two-headed ogre (D:8)
  A hornet (D:7)
  Grinder (D:3)
  A slime creature (D:8)
  Sigmund (D:3)
  A wyvern (D:8)
  A steam dragon (D:7)
  3 water moccasins
  2 orc warriors
  2 ice beasts
  A sky beast (D:7)
  A centaur (D:6)
  An ogre (D:5)
  A phantom (D:5)
  A bullfrog (D:6)
  A necrophage (D:4)
  3 scorpions
  2 hounds
  2 orc priests (D:5)
  A jelly (D:6)
  2 gnoll boudas (D:7)
  4 iguanas
  Ijyb (D:5)
  8 gnolls (D:7)
  4 adders
  2 shadow imps
  A white imp (D:7)
  An ufetubus (D:5)
  3 worms
  3 dart slugs
  13 orcs
  5 ball pythons
  14 endoplasms
  2 giant cockroaches (D:3)
  2 goblins
  7 hobgoblins
  5 jackals
  8 kobolds
  4 bats
  A frilled lizard (D:1)
  3 rats
  A spectral goblin (D:3)
122 creatures vanquished.

Notes
Turn   | Place    | Note
-------+----------+-------------------------------------------
     0 | D:1      | juan097 the Hill Orc Berserker began the quest for the Orb.
     0 | D:1      | Reached XP level 1. HP: 19/19 MP: 1/1
    91 | D:1      | Reached XP level 2. HP: 26/27 MP: 2/2
   415 | D:1      | Reached XP level 3. HP: 34/34 MP: 3/3
   492 | D:2      | Reached ** piety under Trog
   912 | D:2      | Reached skill level 5 in Axes
  1050 | D:3      | Noticed a water moccasin
  1058 | D:3      | Killed a water moccasin
  1059 | D:3      | Reached skill level 5 in Fighting
  1059 | D:3      | Reached skill level 6 in Axes
  1059 | D:3      | Reached XP level 4. HP: 42/42 MP: 4/4
  1059 | D:3      | Reached XP level 5. HP: 48/48 MP: 5/5
  1148 | D:3      | Noticed Grinder
  1149 | D:3      | Noticed Sigmund
  1167 | D:3      | Killed Sigmund
  1168 | D:3      | Reached skill level 7 in Axes
  1168 | D:3      | Reached XP level 6. HP: 57/57 MP: 6/6
  1168 | D:3      | Killed Grinder
  1169 | D:3      | Reached skill level 9 in Axes
  1169 | D:3      | Reached XP level 7. HP: 63/63 MP: 7/7
  1283 | D:3      | Found a shimmering altar of Xom.
  1284 | D:3      | Found a glowing golden altar of the Shining One.
  1284 | D:3      | Found a sacrificial altar of Ru.
  1285 | D:3      | Found a glowing silver altar of Zin.
  1317 | D:3      | Found Zawutiwy's Book Shop.
  1416 | D:3      | Found a faded altar of an unknown god.
  1560 | D:4      | Identified a scroll of acquirement
  1618 | D:4      | Reached skill level 1 in Ranged Weapons
  1638 | D:4      | You fall into a shaft and drop 3 floors!
  1711 | D:7      | Found a transporter.
  1711 | D:7      | Noticed warriortoast's ghost (novice BaFi)
  1787 | D:7      | Found a transporter.
  2214 | D:6      | Reached skill level 10 in Axes
  2214 | D:6      | Reached XP level 8. HP: 70/70 MP: 8/8
  2659 | D:5      | Entered Level 5 of the Dungeon
  3222 | D:5      | Reached skill level 1 in Stealth
  3777 | D:5      | Noticed Ijyb
  3793 | D:5      | Killed Ijyb
  3919 | D:4      | Reached XP level 9. HP: 71/78 MP: 9/9
  4178 | D:5      | Reached *** piety under Trog
  4179 | D:5      | Found a sparkling altar of Nemelex Xobeh.
  4819 | D:7      | Noticed a hornet
  4833 | D:7      | Killed a hornet
  5181 | D:7      | Found a staircase to the Ecumenical Temple.
  5191 | D:7      | Reached skill level 5 in Ranged Weapons
  5250 | D:7      | Reached skill level 11 in Axes
  6095 | D:8      | Found a blossoming altar of Fedhas.
  6099 | D:8      | Found a hazy altar of Hepliaklqana.
  6099 | D:8      | Found a burning altar of Makhleb.
  6112 | D:8      | Found an ancient bone altar of Kikubaaqudgha.
  6221 | D:8      | Noticed a two-headed ogre
  6232 | D:8      | Killed a two-headed ogre
  6233 | D:8      | Reached skill level 12 in Axes
  6233 | D:8      | Reached XP level 10. HP: 88/88 MP: 10/10
  6344 | D:8      | Slain by a large slime creature

Illustrated notes

Levels and vault maps discovered:
D:1:      lemuel_arrival_hallway, layout_rooms, chequers_decorated_corner
D:2:      layout_loops_ring
D:3:      layout_basic, chequers_temple_overflow_statue_of_worship,
          serial_shops, shop, dreamdust_ecumenical_altar_drowned_temple,
          uniq_grinder, uniq_sigmund
D:4:      layout_rooms, nicolae_ossuary_entry_plus, kennysheep_path_1
D:5:      layout_cave_pools, nemelex_dance_club_becter, uniq_ijyb
D:6:      layout_basic
D:7:      layout_basic, minmay_temple_entry_glass, gammafunk_ghost_stat_death
D:8:      layout_loops_cross, grunt_temple_overflow_open, lair_entry_dummy,
          minmay_shop_chei, minmay_chambers_of_fives

Skill      XL: |  1  2  3  4  5  6  7  8  9 |
---------------+----------------------------+-----
Fighting       | 4 5 6 8 |  8.1
Axes           | 6 7 9 10 12 | 12.1
Ranged Weapons | 3 4 6 |  6.0
Dodging        | 2 |  2.0
Stealth        | 2 4 |  4.0
Armour         | 3 4 |  4.2
Evocations     | |  0.9

Action                     |  1- 3 |  4- 6 |  7- 9 | 10-12 || total
---------------------------+-------+-------+-------+-------++-------
  Melee: Hand axe          |    81 |    18 |   107 |       ||   206
         Punch             |       |       |     3 |       ||     3
         War axe           |       |       |   121 |    10 ||   131
   Fire: Shortbow          |     6 |     9 |   143 |     5 ||   163
  Throw: Stone             |     7 |       |       |       ||     7
         Dart              |       |       |     1 |       ||     1
 Invoke: Berserk           |     1 |     1 |     4 |     1 ||     7
         Trog's Hand       |       |     1 |       |       ||     1
    Use: Scroll            |       |       |    10 |       ||    10
 Armour: Ring mail         |    16 |     5 |    67 |     1 ||    89
  Dodge: Dodged            |    39 |     9 |   138 |     4 ||   190

Table legend: (Time is in decaauts)
 A = Elapsed time spent in this place.
 B = Non-inter-level travel time spent in this place.
 C = Inter-level travel time spent in this place.
 D = Time resting spent in this place.
 E = Time spent auto-exploring this place.
 F = Levels seen in this place.
 G = Mean time per level.
                   A        B        C        D        E       F      G
               +--------+--------+--------+--------+--------+-----+--------+
         Total |   6411 |   5959 |    452 |    194 |   4232 |   8 |  801.4 |
       Dungeon |   6411 |   5959 |    452 |    194 |   4232 |   8 |  801.4 |
               +--------+--------+--------+--------+--------+-----+--------+

Top non-repeatable levels by time:
     D:7: 1505 daAuts
     D:6: 1378 daAuts
     D:5: 1039 daAuts
     D:3: 620 daAuts
     D:4: 601 daAuts
     D:2: 557 daAuts
     D:1: 490 daAuts
     D:8: 218 daAuts
